 Dungeon Crawl Stone Soup version 0.18.1-2-ga659475 (webtiles) character file.

10425 Chiseanne the Fighter (level 11, -16/98 (99) HPs)
             Began as a Ghoul Earth Elementalist on May 7, 2016.
             Was an Elder of Okawaru.
             Demolished by Snorg (23 damage)
             ... on level 1 of the Abyss on May 8, 2016.
             The game lasted 01:04:37 (14676 turns).

Chiseanne the Fighter (Ghoul Earth Elementalist)   Turns: 14676, Time: 01:04:37

HP:   -16/98 (99)   AC: 17    Str: 14      XL:     11   Next: 61%
MP:   11/12         EV: 17    Int:  7 (9)  God:    Okawaru [****..]
Gold: 803           SH:  7    Dex: 12      Spells: 1 memorised, 12 levels left

rFire  . . .     SeeInvis +     z - +8 war axe of Vyinipp {chop, +Blink}
rCold  + . .     Gourm    .     U - troll hide
rNeg   + + +     Faith    +     g - +0 buckler
rPois  ∞         Spirit   .     l - +2 helmet {SInv}
rElec  .         Dismiss  .     E - +2 cloak
rCorr  +         Reflect  .     M - +1 pair of gloves
SustAt .         Harm     .     Q - +0 pair of boots
MR     .....                    y - amulet of faith
Stlth  ++........               R - ring of resist corrosion
                                s - +3 ring of protection

@: heroism, contaminated, rotting, glowing, not resistant to hostile
enchantments, unstealthy
A: rotting body, claws 1, carnivore 3, cold resistance 1, negative energy
resistance 3, slow regeneration 1, torment resistance, unbreathing
a: Heroism, Renounce Religion, Evoke Blink


You were on level 1 of the Abyss.
You worshipped Okawaru.
Okawaru was greatly pleased with you.
You were hungry.

You visited 4 branches of the dungeon, and saw 15 of its levels.
You visited the Abyss 1 time.
You also visited: Bailey.

You collected 1000 gold pieces.
You spent 105 gold pieces at shops.

Inventory:

Hand Weapons
 f - a +2 quarterstaff of chaos
 i - a +0 dagger of distortion
 z - the +8 war axe of Vyinipp (weapon) {chop, +Blink}
   (You found it on level 10 of the Dungeon)

   It inflicts extra damage upon your enemies.
   It lets you blink.
 H - a +0 hunting sling of flaming
 K - a +2 hunting sling of flaming
Missiles
 b - 404 stones
 e - 39 sling bullets
 h - 5 curare-tipped needles
 k - 2 tomahawks of returning
 r - 83 bolts
 w - 4 tomahawks (quivered)
 J - 64 poisoned needles
Armour
 g - a +0 buckler (worn)
 l - a +2 helmet of see invisible (worn)
 E - a +2 cloak (worn)
 M - a +1 pair of gloves (worn)
 Q - a +0 pair of boots (worn)
 U - a troll hide (worn)
Rods
 p - a +0 rod of ignition (4/10)
   (You found it on level 1 of the Abyss)
Jewellery
 s - a +3 ring of protection (left hand)
 u - an uncursed ring of see invisible
 y - an amulet of faith (around neck)
 R - a ring of resist corrosion (right hand)
Wands
 I - a wand of disintegration (0/24)
Scrolls
 j - 4 scrolls of remove curse
 o - 4 scrolls of teleportation
 q - a scroll of blinking
 t - 2 scrolls of fog
 G - 2 scrolls of immolation
 N - a scroll of magic mapping
Potions
 a - 2 potions of flight
 m - 7 potions of curing
 D - a potion of resistance
Books
 c - a book of Geomancy

   Spells                             Type                      Level
   a - Sandblast                      Earth                        1
   b - Passwall                       Transmutation/Earth          2
   c - Stone Arrow                    Conjuration/Earth            3
   d - Petrify                        Transmutation/Earth          4
   e - Lee's Rapid Deconstruction     Earth                        5
 n - a Fen Folio

   Spells                             Type                      Level
   a - Corpse Rot                     Necromancy                   2
   b - Stone Arrow                    Conjuration/Earth            3
   c - Leda's Liquefaction            Hexes/Earth                  4
   d - Summon Forest                  Summoning/Translocation      5
   e - Hydra Form                     Transmutation                6
   f - Summon Hydra                   Summoning                    7
 v - a Young Poisoner's Handbook

   Spells                             Type                      Level
   a - Sting                          Conjuration/Poison           1
   b - Cure Poison                    Poison                       2
   c - Mephitic Cloud                 Conjuration/Poison/Air       3
   d - Olgreb's Toxic Radiance        Poison                       4
   e - Venom Bolt                     Conjuration/Poison           5
 x - a book of the Sky

   Spells                             Type                      Level
   a - Summon Lightning Spire         Summoning/Air                4
   b - Airstrike                      Air                          4
   c - Silence                        Hexes/Air                    5
   d - Deflect Missiles               Charms/Air                   6
   e - Conjure Ball Lightning         Conjuration/Air              6
   f - Tornado                        Air                          9
 C - a book of Conjurations

   Spells                             Type                      Level
   a - Magic Dart                     Conjuration                  1
   b - Searing Ray                    Conjuration                  2
   c - Dazzling Spray                 Conjuration/Hexes            3
   d - Fulminant Prism                Conjuration/Hexes            4
   e - Iskenderun's Mystic Blast      Conjuration                  4
   f - Iskenderun's Battlesphere      Conjuration/Charms           5
 L - a book of Maledictions

   Spells                             Type                      Level
   a - Corona                         Hexes                        1
   b - Ensorcelled Hibernation        Hexes/Ice                    2
   c - Confuse                        Hexes                        3
   d - Tukima's Dance                 Hexes                        3
   e - Dazzling Spray                 Conjuration/Hexes            3
 O - a book of Transfigurations

   Spells                             Type                      Level
   a - Irradiate                      Conjuration/Transmutation    5
   b - Statue Form                    Transmutation/Earth          6
   c - Hydra Form                     Transmutation                6
   d - Dragon Form                    Transmutation                7
Comestibles
 d - 4 meat rations
 A - 7 slices of pizza
 F - 5 beef jerkies
 P - a royal jelly


   Skills:
 - Level 10.0(15.0) Fighting
 - Level 6.9(11.9) Short Blades
 * Level 0.0(5.0) Axes
 - Level 8.0(13.0) Armour
 * Level 6.0(11.0) Dodging
 - Level 2.1(7.1) Stealth
 - Level 6.4(11.4) Shields
 - Level 1.7 Spellcasting
   Level 0.8 Transmutations
 - Level 3.2 Earth Magic
 * Level 3.8 Invocations


You had 12 spell levels left.
You knew the following spells:

 Your Spells              Type           Power        Failure   Level  Hunger
a - Sandblast             Erth           #.....       14%         1    ##.....


Dungeon Overview and Level Annotations

Branches:
Dungeon (11/15)            Temple (1/1) D:5            Lair (1/8) D:10
    Orc (2/2) D:10            Elf (0/3) Orc:2

Altars:
Ashenzari
Cheibriados
Dithmenos
Elyvilon
Fedhas
Gozag
Kikubaaqudgha
Makhleb
Nemelex Xobeh
Okawaru
Pakellas
Qazlal
Ru
Sif Muna
Trog
Vehumet
Xom
Yredelemnul
Zin
The Shining One
Beogh

Shops:
D:4 *   Orc:1 %

Annotations:
D:3 Natasha
D:4 1 runed door
D:10 Erica
Lair:1 Sonja
Abyss:1 Psyche, Snorg, Terence


Innate Abilities, Weirdness & Mutations

Your body is rotting away.
You thrive on raw meat.
You are immune to poison.
You have sharp fingernails.
You are carnivorous and can eat meat at any time.
Your flesh is cold resistant.
You are immune to negative energy.
You regenerate slowly when monsters are visible.
You are immune to unholy pain and torment.
You can survive without breathing.


Message History

You slash Snorg!
Snorg is heavily wounded.
Snorg closely misses you. You block Snorg's attack. Snorg claws you.
Snorg bites you. Snorg claws you! Snorg claws you.
You slash Snorg!
Snorg is severely wounded.
You block Snorg's attack. Snorg claws you. Snorg misses you.
Snorg completely misses you. Snorg closely misses you.
Snorg completely misses you.
You hit Snorg.
Snorg is severely wounded.
Snorg barely misses you. Snorg claws you. Snorg completely misses you.
You barely miss Snorg.
Snorg is severely wounded.
You block Snorg's attack. Snorg claws you!
* * * LOW HITPOINT WARNING * * *
Snorg claws you!
* * * LOW HITPOINT WARNING * * *
Snorg bites you!!
You die...

## ## #....##
.# . .# ... .##
.#.#. # #.#..#
... #.#.. .#
..#.. #.
..#.#####
..(##.. ...#.#
. ... .....# #
..#..
#...##T..#
#.... #.#...#@#
#.#.#..#.###..#
# #.#..#...#.#
#.#..#.#####
.....##
###.#..# ...#.
#..... . #
#.#.#..##...


You could see Snorg (berserk).

Vanquished Creatures
  An orc high priest (D:10)
  A hill giant (D:8)
  Joseph (D:7)
  A spiny frog (Lair:1)
  A troll (D:10)
  A raiju (Abyss:1)
  A hungry ghost (D:10)
  A neqoxec (Abyss:1)
  3 hippogriffs
  A warg (Orc:1)
  A water moccasin (Lair:1)
  A black bear (D:9)
  An ice beast (D:8)
  A sky beast (D:10)
  5 orc warriors
  A wasp (D:10)
  2 phantoms
  9 ogres
  A necrophage (D:11)
  2 centaurs
  A crocodile (D:11)
  2 big kobolds (D:9)
  A giant frog (D:10)
  2 gnoll sergeants
  5 scorpions
  12 killer bees
  3 wights
  5 howler monkeys
  2 electric eels (D:8)
  The ghost of M4edhros the Sneak, a weakling OpAr (D:4)
  3 crimson imps
  5 jellies
  3 orc priests
  3 centaur skeletons
  4 hounds
  10 orc wizards
  Crazy Yiuf (D:3)
  An iguana (Lair:1)
  10 worker ants
  3 sheep (D:8)
  4 ogre zombies (D:10)
  2 hound zombies (D:8)
  A howler monkey zombie (D:10)
  8 adders
  7 gnolls
  An ufetubus (Abyss:1)
  An ooze (D:2)
  2 adder skeletons
  4 adder zombies
  4 worms
  4 giant geckos
  44 orcs
  A ball python (D:1)
  3 giant cockroaches
  23 goblins
  16 hobgoblins
  16 jackals
  22 kobolds
  2 quokkas
  6 bats
  2 giant gecko skeletons
  7 giant newts
  2 goblin zombies (D:10)
  2 hobgoblin zombies (D:10)
  3 orc skeletons (D:10)
  12 orc zombies (D:10)
  A quokka skeleton (D:7)
  12 rats
325 creatures vanquished.

Vanquished Creatures (collateral kills)
  An orc (Orc:2)
1 creature vanquished.

Vanquished Creatures (others)
  A hill giant (D:10)
  A hippogriff (Lair:1)
  A hungry ghost (D:8)
  A warg (Orc:1)
  An ice beast (D:7)
  An orc warrior (D:9)
  2 ogres
  A centaur (D:7)
  A big kobold (Lair:1)
  Blork the orc (D:8)
  A water moccasin zombie (D:5)
  2 killer bees (D:8)
  A wight (D:9)
  2 howler monkeys (D:10)
  A crimson imp (D:5)
  A giant frog zombie (D:11)
  4 orc priests
  2 hounds
  A quasit (D:8)
  A centaur skeleton (D:6)
  3 giant frog skeletons
  A worker ant (D:8)
  An ogre zombie (D:10)
  A worker ant zombie (D:10)
  A gnoll (Bailey)
  4 adders
  A shadow imp (D:7)
  An adder zombie (D:7)
  3 orcs
  A goblin (D:2)
  3 hobgoblins (Bailey)
  A jackal (D:4)
  A ball python skeleton (D:5)
  A giant newt (D:7)
  2 kobolds (D:9)
  A fungus (Lair:1)
53 creatures vanquished.

Grand Total: 379 creatures vanquished

Notes
Turn   | Place    | Note
--------------------------------------------------------------
     0 | D:1      | Chiseanne the Ghoul Earth Elementalist began the quest for the Orb.
     0 | D:1      | Reached XP level 1. HP: 14/14 MP: 2/2
   259 | D:1      | Reached skill level 1 in Fighting
   415 | D:1      | Reached XP level 2. HP: 24/24 MP: 1/3
   596 | D:1      | Reached skill level 2 in Fighting
  1094 | D:1      | Reached XP level 3. HP: 25/30 MP: 4/4
  1258 | D:1      | Reached skill level 3 in Fighting
  1338 | D:2      | Found an ancient bone altar of Kikubaaqudgha.
  1580 | D:2      | Found a stormy altar of Qazlal.
  1657 | D:2      | Found a white marble altar of Elyvilon.
  1667 | D:2      | Reached skill level 1 in Armour
  1667 | D:2      | Reached XP level 4. HP: 29/38 MP: 5/5
  2224 | D:2      | Found a bloodstained altar of Trog.
  2607 | D:3      | Reached XP level 5. HP: 17/46 MP: 6/6
  2852 | D:3      | Found a basalt altar of Yredelemnul.
  2899 | D:3      | Noticed Crazy Yiuf
  2906 | D:3      | Killed Crazy Yiuf
  2906 | D:3      | Reached skill level 4 in Fighting
  3221 | D:3      | Noticed Terence
  3231 | D:3      | Banished Terence
  3231 | D:3      | Reached XP level 6. HP: 53/53 MP: 7/7
  3526 | D:3      | Noticed Natasha
  3699 | D:4      | Found a white marble altar of Elyvilon.
  3738 | D:4      | Noticed M4edhros's ghost (weakling OpAr)
  3761 | D:4      | Killed M4edhros's ghost
  3799 | D:4      | Found Ithraphi's General Store.
  3805 | D:4      | Bought a scroll of blinking for 105 gold pieces
  3826 | D:4      | Found a runed door.
  3826 | D:4      | Noticed an angel
  3971 | D:4      | Reached skill level 5 in Fighting
  3971 | D:4      | Reached XP level 7. HP: 61/61 MP: 8/8
  4276 | D:4      | Found a glowing golden altar of the Shining One.
  4276 | D:4      | Found a shimmering altar of Xom.
  4695 | D:4      | Reached skill level 6 in Fighting
  4695 | D:4      | Reached XP level 8. HP: 66/70 MP: 9/9
  4737 | D:5      | Entered Level 5 of the Dungeon
  5124 | D:5      | Found a staircase to the Ecumenical Temple.
  5142 | Temple   | Entered the Ecumenical Temple
  5207 | D:5      | Reached skill level 5 in Dodging
  5944 | D:6      | Found an iron altar of Okawaru.
  5962 | D:6      | Became a worshipper of Warmaster Okawaru
  6195 | D:6      | Reached skill level 5 in Armour
  6203 | D:6      | Reached skill level 7 in Fighting
  6214 | D:6      | Reached skill level 1 in Shields
  6220 | D:6      | Reached skill level 1 in Short Blades
  6317 | D:6      | Reached * piety under Okawaru
  6317 | D:6      | Reached XP level 9. HP: 50/79 MP: 10/10
  6474 | D:6      | Found a sacrificial altar of Ru.
  7198 | D:7      | Reached ** piety under Okawaru
  7323 | D:7      | Noticed Joseph
  7350 | D:7      | Reached skill level 8 in Fighting
  7957 | D:7      | Killed Joseph
  7957 | D:7      | Reached *** piety under Okawaru
  7957 | D:7      | Reached XP level 10. HP: 49/89 MP: 7/11
  8271 | D:8      | Noticed a hill giant
  8298 | D:8      | Killed a hill giant
  8298 | D:8      | Reached skill level 9 in Fighting
  8515 | D:8      | Reached **** piety under Okawaru
  8864 | D:8      | Noticed Blork the orc
  8901 | D:8      | Killed Blork the orc
  8914 | D:8      | Found a deep blue altar of Sif Muna.
  9037 | D:8      | Reached skill level 5 in Short Blades
  9322 | D:9      | Found a radiant altar of Vehumet.
  9573 | D:9      | Reached skill level 5 in Shields
 10542 | D:10     | Entered Level 10 of the Dungeon
 10542 | D:10     | Noticed Erica
 10542 | D:10     | Noticed a hill giant
 10981 | D:10     | Got a smoking war axe
 11256 | D:10     | Found a staircase to the Orcish Mines.
 11612 | D:10     | Found a staircase to the Lair.
 11663 | D:10     | Noticed a hill giant
 11669 | D:10     | Banished a hill giant
 11669 | D:10     | Reached XP level 11. HP: 99/99 MP: 12/12
 11934 | D:10     | Noticed Psyche
 12008 | D:10     | Reached skill level 10 in Fighting
 12152 | D:10     | Noticed Snorg
 12201 | D:10     | Banished Snorg
 12201 | D:10     | Reached skill level 1 in Invocations
 12319 | D:10     | Banished Psyche
 12549 | D:11     | Noticed a hill giant
 12593 | D:11     | Found a flagged portal.
 12603 | Bailey   | Entered a bailey
 12887 | Bailey   | Noticed MagicLamp's ghost (novice DDAr)
 12893 | Bailey   | Noticed an orc knight
 12958 | Bailey   | Noticed an orc warlord
 12964 | Bailey   | Noticed an orc knight
 12964 | Bailey   | Noticed an orc knight
 13106 | D:11     | Noticed a skeletal warrior
 13106 | D:11     | Noticed a skeletal warrior
 13121 | D:11     | Noticed a skeletal warrior
 13175 | Orc:1    | Entered Level 1 of the Orcish Mines
 13175 | Orc:1    | Noticed an orc high priest
 13191 | D:10     | Killed an orc high priest
 13288 | Orc:1    | Found Boosmy's Food Shop.
 13348 | Orc:1    | Found a roughly hewn altar of Beogh.
 13407 | Orc:1    | Hired Nobaufiwk the big kobold for 90 gold.
 13408 | Orc:1    | Drew Focus: Str increased to 14, Int decreased to 9
 13419 | Orc:2    | Entered Level 2 of the Orcish Mines
 13419 | Orc:2    | Found a staircase to the Elven Halls.
 13424 | Orc:2    | Noticed an orc warlord
 13456 | D:10     | Upgraded the game from 0.18.1-1-g2f07953 to 0.18.1-2-ga659475
 13486 | Lair:1   | Entered Level 1 of the Lair of Beasts
 13512 | Lair:1   | Noticed Sonja
 13527 | Lair:1   | Your ally Nobaufiwk died
 14328 | Lair:1   | Cast into level 1 of the Abyss (Sonja)
 14456 | Abyss:1  | Found a corrupted altar of Lugonu.
 14530 | Abyss:1  | Noticed a hell hog
 14530 | Abyss:1  | Noticed a hell hog
 14531 | Abyss:1  | Noticed a hell hog
 14531 | Abyss:1  | HP: 4/99 [hell hog/fireball (29)]
 14545 | Abyss:1  | HP: 2/99 [raiju/living lightning (16)]
 14665 | Abyss:1  | Identified a +0 rod of ignition (10/10) (You found it on level 1 of the Abyss)
 14667 | Abyss:1  | Identified the +8 war axe of Vyinipp {chop, +Blink} (You found it on level 10 of the Dungeon)
 14676 | Abyss:1  | Demolished by Snorg

Skill      XL: |  1  2  3  4  5  6  7  8  9 10 11 |
---------------+----------------------------------+-----
Fighting       | 1 2 3 4 5 6 7 8 9 10 | 10.0
Armour         | 1 2 3 4 5 6 7 8 |  8.0
Dodging        | 2 3 4 5 6 |  6.0
Shields        | 1 4 5 6 |  6.4
Short Blades   | 1 4 5 6 |  6.9
Invocations    | 3 |  3.8
Stealth        | |  2.1
Spellcasting   | |  1.7
Transmutations | |  0.8
Earth Magic    | |  3.2

Action                   |  1- 3 |  4- 6 |  7- 9 | 10-12 || total
-------------------------+-------+-------+-------+-------++-------
Melee: Unarmed           |     7 |       |       |       ||     7
       Club              |     9 |       |       |       ||     9
       Dagger            |    93 |   271 |   534 |  1033 ||  1931
       War axe           |       |       |       |     7 ||     7
Throw: Stone             |       |     8 |    20 |    32 ||    60
       Tomahawk          |       |       |       |    14 ||    14
 Cast: Sandblast         |    12 |       |       |       ||    12
Invok: Heroism           |       |       |     6 |    27 ||    33
Evoke: Wand              |       |       |     2 |     7 ||     9
       Deck              |       |       |       |     8 ||     8
       Rod               |       |       |       |     1 ||     1
  Use: Scroll            |     7 |     5 |     4 |    14 ||    30
       Potion            |       |     1 |       |    15 ||    16
 Stab: Sleeping          |     1 |       |       |     2 ||     3
       Invisible         |       |       |       |     4 ||     4
  Eat: Chunk             |     9 |    28 |    60 |    69 ||   166
Armor: Robe              |    14 |       |       |       ||    14
       Leather armour    |    24 |       |       |       ||    24
       Ring mail         |       |    76 |   137 |       ||   213
       Scale mail        |       |       |   103 |   257 ||   360
       Troll hide        |       |       |       |    95 ||    95
Dodge: Dodged            |    78 |   130 |   292 |   432 ||   932
Block: Buckler           |       |       |    64 |   221 ||   285
